 Seeded DCSS version 0.29.1-15-g9cfb28693d (webtiles) character file.

Game seed: 16245865983455551772 (custom seed)

2 Atreus the Vexing (level 1, 12/12 HPs)
             Began as a Kobold Arcane Marksman on Mar 6, 2023.
             Quit the game on level 1 of the Dungeon.
             The game lasted 00:00:40 (80 turns).

Atreus the Vexing (Kobold Arcane Marksman)            Turns: 80, Time: 00:00:41

Health: 12/12      AC:  2    Str:  7    XL:     1   Next: 44%
Magic:  1/2        EV: 15    Int: 14    God:
Gold:   1144       SH:  0    Dex: 15    Spells: 1/2 levels left

rFire   . . .      SeeInvis .   a - +1 sling
rCold   . . .      Faith    .   (no shield)
rNeg    . . .      Spirit   .   c - +0 robe
rPois   .          Reflect  .   (no helmet)
rElec   .          Harm     .   (no cloak)
rCorr   .          Rampage  .   (no gloves)
Will    .....                   (no boots)
Stlth   ++........              (no amulet)
HPRegen 0.04/turn               (no ring)
MPRegen 0.08/turn               (no ring)

@: no status effects
A: small, no large weapons, nightstalker 3
a: no special abilities


You were on level 1 of the Dungeon.
You visited 1 branch of the dungeon, and saw 1 of its levels.

You collected 1144 gold pieces.

Inventory:

Hand Weapons
 a - a +1 sling (weapon)
Armour
 c - a +0 robe (worn)
Scrolls
 b - a scroll of poison
 d - a scroll of acquirement


   Skills:
 + Level 1.1 Fighting
 + Level 2.9 Ranged Weapons
 + Level 2.4 Dodging
 + Level 1.3 Spellcasting
 + Level 3.0 Hexes


You had one spell level left.
You knew the following spells:

 Your Spells              Type           Power      Damage    Failure   Level
a - Slow                  Hex            36%        N/A       8%          1

Your spell library contained the following spells:

 Spells                   Type           Power      Damage    Failure   Level
 Inner Flame              Hex/Fire       5%         N/A       38%         3
 Portal Projectile        Hex/Tloc       10%        N/A       38%         3
 Cause Fear               Hex            4%         N/A       58%         4


Dungeon Overview and Level Annotations

Branches:
Dungeon (1/15)

Altars:


Innate Abilities, Weirdness & Mutations

You are small and have problems with some larger weapons.
You are completely attuned to the shadows.


Message History

You kill the endoplasm!
You hear a shout!
Unknown command.
This is a scroll of acquirement!
Something appears at your feet!
You now have 657 gold pieces.
Something appears at your feet!
A goblin comes into view. It is wielding a +0 dagger.
You now have 1144 gold pieces (gained 487).
The goblin closely misses you. The goblin attacks as you move away!
The goblin hits you but does no damage.
Aiming: Slow (safe; 8% risk of failure)
Press: ? - help, Q - select action, (/) - cycle Shift-Dir - straight line, f - goblin
Aim: a goblin, wielding a +0 dagger (chance to affect: 64%)
The goblin seems to slow down.
Unknown command.
Aiming: Slow (safe; 8% risk of failure)
Press: ? - help, Q - select action, (/) - cycle Shift-Dir - straight line, f/p - goblin
Aim: a goblin, wielding a +0 dagger (slow, chance to affect: 64%)
Okay, then.
Fire: a) +1 sling
Press: ? - help, Shift-Dir - straight line, f/p - goblin
Aim: a goblin, wielding a +0 dagger (slow, 50% to hit)
You shoot a sling bullet.
The sling bullet hits the goblin but does no damage.
The goblin barely misses you.
Unknown command.
Fire: a) +1 sling
Press: ? - help, Shift-Dir - straight line, f/p - goblin
Aim: a goblin, wielding a +0 dagger (slow, 50% to hit)
You shoot a sling bullet. The sling bullet misses the goblin.
The goblin completely misses you.
Fire: a) +1 sling
Press: ? - help, Shift-Dir - straight line, f/p - goblin
Aim: a goblin, wielding a +0 dagger (slow, 50% to hit)
You shoot a sling bullet. The sling bullet hits the goblin.
You kill the goblin!
Fire: a) +1 sling
Press: ? - help, Shift-Dir - straight line, f - you Are you sure you want to abandon this character and quit the game? (Confirm with "yes".)

.......#..#..
##...#..#
#...###.# #...#
.. #..## #..#
##.##..
#..#.....#..
#@)#.....#..#.
#.............
#..#..#..##.#
##..........###
########......
##.#### ####..#
#...# #...#
#...# #....##
#.♣.# #...#
#.>.# #....#


There were no monsters in sight!

Vanquished Creatures
  An endoplasm (D:1)
  A goblin (D:1)
2 creatures vanquished.

Notes
Turn   | Place    | Note
-------+----------+-------------------------------------------
     0 | D:1      | Atreus the Kobold Arcane Marksman began the quest for the
                  | Orb.
     0 | D:1      | Reached XP level 1. HP: 12/12 MP: 2/2
    71 | D:1      | Identified 3 scrolls of acquirement
    71 | D:1      | Acquired 657 gold pieces
    73 | D:1      | Acquired 487 gold pieces
    80 | D:1      | Quit the game

Illustrated notes

Levels and vault maps discovered:
D:1:      minmay_arrival_hallway, layout_loops_corners, basic_ecumenical_altar,
          minmay_unequal

Action                   || total
-------------------------++-------
 Fire: Sling             ||     4
 Cast: Slow              ||     2
  Use: Scroll            ||     2
Armor: Robe              ||     1
Dodge: Dodged            ||     4
